 Dungeon Crawl Stone Soup version 0.26-a0-1147-g3780a7a11b (webtiles) character file.

Game seed: 1660782828649412340

44 melloss the Firebug (level 3, 0/20 HPs)
             Began as a Deep Elf Fire Elementalist on Dec 22, 2020.
             Slain by a gnoll (2 damage)
             ... on level 2 of the Dungeon.
             The game lasted 00:03:01 (1247 turns).

melloss the Firebug (Deep Elf Fire Elementalist)    Turns: 1247, Time: 00:03:02

Health: 0/20       AC:  2    Str:  2 (5)  XL:     3   Next: 41%
Magic:  5/10       EV: 12    Int: 19 (20) God:
Gold:   12         SH:  0    Dex: 12 (15) Spells: 8/9 levels left

rFire    + . .     SeeInvis .   c - +0 dagger
rCold    . . .     Faith    .   (no shield)
rNeg     . . .     Spirit   .   a - +0 robe
rPois    .         Reflect  .   (no helmet)
rElec    .         Harm     .   (no cloak)
rCorr    .         Rampage  .   (no gloves)
Will     .....                  (no boots)
Stlth    ++........             (no amulet)
HPRegen  0.06/turn              e - ring of protection from fire
MPRegen  0.12/turn              (no ring)

@: lethally poisoned (0 -> -3)
A: no striking features
a: no special abilities


You were on level 2 of the Dungeon.
You visited 1 branch of the dungeon, and saw 2 of its levels.

You collected 12 gold pieces.

Inventory:

Hand Weapons
 c - a +0 dagger (weapon)
Armour
 a - a +0 robe (worn)
Jewellery
 e - a ring of protection from fire (left hand)
Scrolls
 b - 2 scrolls of enchant weapon {unknown}
 f - a scroll of amnesia {unknown}
 g - a scroll of remove curse {unknown}


   Skills:
 + Level 0.9 Fighting
 - Level 2.4 Dodging
 - Level 2.4 Stealth
 + Level 3.5 Spellcasting
 * Level 2.5 Conjurations
 + Level 3.6 Fire Magic


You had 8 spell levels left.
You knew the following spells:

 Your Spells              Type           Power        Failure   Level
a - Foxfire               Conj/Fire      60%          4%          1

Your spell library contained the following spells:

 Spells                   Type           Power        Failure   Level
 Conjure Flame            Conj/Fire      15%          12%         3
 Inner Flame              Hex/Fire       10%          21%         3
 Sticky Flame             Conj/Fire      15%          38%         4
 Fireball                 Conj/Fire      7%           75%         5


Dungeon Overview and Level Annotations

Branches:
Dungeon (2/15)

Altars:


Message History

The gnoll shaman mumbles some strange prayers to its god against you.
You resist with some effort.
You feel sick.
You feel sick. The gnoll closely misses you.
You feel sick. The gnoll hits you.
* * * LOW HITPOINT WARNING * * *
* * * LOW HITPOINT WARNING * * *
You feel sick. The gnoll hits you.
* * * LOW HITPOINT WARNING * * *
It was a potion of degeneration.
There was something very wrong with that liquid.
You feel weakened.
You feel dopey.
You feel clumsy. The gnoll barely misses you. The gnoll closely misses you.
You hit the gnoll but do no damage.
* * * LOW HITPOINT WARNING * * *
You feel sick. The gnoll misses you.
You hit the gnoll.
The gnoll is lightly wounded.
The gnoll hits you.
You die...

....# #.# ....# #.#
.#### #.# ## #.# #.#
#.# #.# #.# #@# #g#
################g#
.............g...###
..#.........g..g...#
.......###########.#
)......# #.#
#......# #.#
#......# #.#


You could see a gnoll shaman and 2 gnolls.

Vanquished Creatures
  2 gnolls (D:2)
  An ooze (D:1)
  A leopard gecko (D:1)
  2 giant cockroaches (D:1)
  3 goblins
  2 hobgoblins
  2 bats (D:1)
  2 frilled lizards (D:1)
  5 kobolds
  2 rats
22 creatures vanquished.

Vanquished Creatures (others)
  59 foxfires
59 creatures vanquished.

Grand Total: 81 creatures vanquished

Notes
Turn   | Place    | Note
-------+----------+-------------------------------------------
     0 | D:1      | melloss the Deep Elf Fire Elementalist began the quest for
                  | the Orb.
     0 | D:1      | Reached XP level 1. HP: 10/10 MP: 6/6
   225 | D:1      | Reached XP level 2. HP: 16/16 MP: 4/8
  1222 | D:2      | Reached XP level 3. HP: 20/20 MP: 5/9
  1247 | D:2      | Slain by a gnoll

Illustrated notes

Levels and vault maps discovered:
D:1:      psy_arrival_radial01, layout_basic
D:2:      layout_basic

Skill      XL: |  1  2 |
---------------+-------+-----
Conjurations   | 2 |  2.5
Fighting       | |  0.9
Dodging        | |  2.4
Stealth        | |  2.4
Spellcasting   | |  3.5
Fire Magic     | |  3.6

Action                   || total
-------------------------++-------
Melee: Dagger            ||     3
 Cast: Foxfire           ||    36
  Use: Potion            ||     1
Armor: Robe              ||     2
Dodge: Dodged            ||    14

Table legend: (Time is in decaauts)
 A = Elapsed time spent in this place.
 B = Non-inter-level travel time spent in this place.
 C = Inter-level travel time spent in this place.
 D = Time resting spent in this place.
 E = Time spent auto-exploring this place.
 F = Levels seen in this place.
 G = Mean time per level.
                   A        B        C        D        E       F      G
               +--------+--------+--------+--------+--------+-----+--------+
         Total |   1245 |   1193 |     52 |      0 |    964 |   2 |  622.5 |
       Dungeon |   1245 |   1193 |     52 |      0 |    964 |   2 |  622.5 |
               +--------+--------+--------+--------+--------+-----+--------+

Top non-repeatable levels by time:
     D:1: 990 daAuts
     D:2: 255 daAuts
